 Dungeon Crawl Stone Soup version 0.28-a0-957-g42eb19b844 (webtiles) character file.

Game seed: 16946976300053759716

145 mainiacjoe the Sneak (level 5, -3/34 HPs)
             Began as an Octopode Brigand on Dec 1, 2021.
             Was a Believer of Zin.
             Slain by a worm (10 damage)
             ... on level 3 of the Dungeon.
             The game lasted 00:08:15 (3061 turns).

mainiacjoe the Sneak (Octopode Brigand)             Turns: 3061, Time: 00:08:16

Health: -3/34      AC:  1    Str: 10    XL:     5   Next: 27%
Magic:  7/7        EV: 12    Int: 14    God:    Zin [**....]
Gold:   88         SH:  0    Dex: 15    Spells: 4/4 levels left

rFire   . . .      SeeInvis .   a - +2 dagger
rCold   . . .      Faith    .   (no shield)
rNeg    . . .      Spirit   .   (helmet restricted)
rPois   .          Reflect  .   l - amulet of the acrobat
rElec   .          Harm     .   k - ring of resist corrosion
rCorr   +          Rampage  .   (no ring)
Will    .....                   (no ring)
Stlth   +++++.....              (no ring)
HPRegen 0.11/turn               (no ring)
MPRegen 0.10/turn               (no ring)
                                (no ring)
                                (no ring)

@: no status effects
A: almost no armour, amphibious, 8 rings, camouflage 1, gelatinous body 1,
(nimble swimmer 1), tentacles
a: Renounce Religion, Recite, Vitalisation, Donate Gold


You were on level 3 of the Dungeon.
You worshipped Zin.
Zin was pleased with you.
You visited 1 branch of the dungeon, and saw 3 of its levels.

You collected 97 gold pieces.
You donated 9 gold pieces to Zin.

Inventory:

Hand Weapons
 a - a +2 dagger (weapon)
Missiles
 c - 2 curare-tipped darts {=F}
 d - 7 bolts
 f - 5 poisoned darts
 g - 142 stones (quivered)
 j - 5 throwing nets {=F}
 m - 14 arrows
 p - 30 sling bullets
Jewellery
 k - a ring of resist corrosion (left tentacle)
 l - an amulet of the acrobat (around mantle)
Scrolls
 b - a scroll of amnesia {unknown}
 e - a scroll of magic mapping
 i - a scroll of summoning {unknown}
 n - a scroll of teleportation {unknown}
Potions
 h - 2 potions of curing
 o - a potion of magic {unknown}
 q - a potion of resistance


   Skills:
 - Level 2.0 Fighting
 - Level 2.0 Short Blades
 - Level 2.0 Throwing
 - Level 1.0 Dodging
 + Level 7.8 Stealth
 + Level 2.9 Invocations


You had 4 spell levels left.
You didn't know any spells.
Your spell library contained the following spells:

 Spells                   Type           Power      Damage    Failure   Level
 Gell's Gravitas          Tloc           0%         N/A       65%         3
 Lesser Beckoning         Tloc           0%         N/A       65%         3
 Teleport Other           Tloc           0%         N/A       65%         3


Dungeon Overview and Level Annotations

Branches:
Dungeon (3/15)

Altars:
Zin

Shops:
D:3 :


Innate Abilities, Weirdness & Mutations

You cannot wear most types of armour.
You are amphibious.
You can wear up to eight rings at the same time.
Your skin changes colour to match your surroundings (Stealth+).
Your rubbery body absorbs attacks. (AC +1, EV +1)
((You are camouflaged near water. (Stealth+)))
You have tentacles for arms and can constrict up to eight enemies at once.


Message History

You constrict the worm. You hit the worm.
The worm is heavily wounded.
You constrict the worm. The worm bites you.
You hit the worm. You squeeze the worm.
The worm is almost dead.
You constrict the worm.
You release your grip on the worm.
Things that are here:
a +0 flail; a +0 whip; a gnoll corpse You are too injured to fight recklessly!
Unknown command.
Throw: 8 darts (poison)
Press: ? - help, Shift-Dir - straight line, f - worm
Aim: a worm (severely wounded, 79% to hit)
You throw a poisoned dart. The poisoned dart hits the worm.
The worm is poisoned.
The worm is severely wounded.
Throw: 7 darts (poison)
Press: ? - help, Shift-Dir - straight line, f/p - worm
Aim: a worm (heavily wounded, poisoned, 79% to hit)
You throw a poisoned dart.
The poisoned dart barely misses the worm.
Throw: 6 darts (poison)
Press: ? - help, Shift-Dir - straight line, f/p - worm
Aim: a worm (heavily wounded, poisoned, 79% to hit)
You throw a poisoned dart. The poisoned dart hits the worm.
The worm looks even sicker.
The worm is heavily wounded.
You don't have any such object.
Fire/throw which item? (* to show all) (? for menu, Esc to quit)
Huh?
Fire/throw which item? (* to show all) (? for menu, Esc to quit)
Okay, then.
The worm bites you!
* * * LOW HITPOINT WARNING * * *
You completely miss the worm. You grab the worm. You squeeze the worm.
The worm is severely wounded.
You constrict the worm. The worm bites you!
You die...

#.#
#....###.))..8.8...,..
#.#
##.#..#..#.#)....##,.#
#.# #.##...####..#.##**,*
#.## ##.#...#
*,.#..#,*,,* ...##
#.#.#.###*#..#.**,,,
.#..#
#.#(#.#.#*,.*.*.#,,,
....#
#..(#...#*,..,#*#,,,
###.#
##.w#..###*..,***,,.
###.##
##@...#.#,*,,,**,,.
.....#
##..##.##*,,,,***,,
###..#
#...#.#.#,*,,,,*,,, #..#
##.##.##.#***,,,**** #..#
###..#.###.# *,*,,*,*
#).# #.###.## #.#
****,*,* #).# #.##†## #.#
*,**,* #..#
#####.########.##******,*
#..###...........##..#*,*
*,,**


You could see a worm (very poisoned).

Vanquished Creatures
  7 gnolls (D:3)
  An adder (D:2)
  3 dart slugs
  6 orcs (D:3)
  A ball python (D:3)
  6 endoplasms
  A giant cockroach (D:2)
  4 hobgoblins
  2 jackals
  3 quokkas (D:1)
  4 bats
  4 frilled lizards
  3 goblins
  6 kobolds
  9 rats
60 creatures vanquished.

Notes
Turn   | Place    | Note
-------+----------+-------------------------------------------
     0 | D:1      | mainiacjoe the Octopode Brigand began the quest for the
                  | Orb.
     0 | D:1      | Reached XP level 1. HP: 14/14 MP: 1/1
   214 | D:1      | Reached XP level 2. HP: 19/19 MP: 2/2
   231 | D:1      | Reached skill level 6 in Stealth
   624 | D:1      | Found a faded altar of an unknown god.
   657 | D:1      | Prayed at the altar of an unknown god.
   657 | D:1      | Became a worshipper of Zin the Law-Giver
   657 | D:1      | Reached * piety under Zin
   782 | D:1      | Reached XP level 3. HP: 24/24 MP: 3/3
  1510 | D:2      | Reached skill level 1 in Invocations
  1920 | D:2      | Reached skill level 7 in Stealth
  2292 | D:3      | Reached XP level 4. HP: 29/29 MP: 5/5
  2467 | D:3      | Reached ** piety under Zin
  2470 | D:3      | Found Poho Byo's Book Emporium.
  2668 | D:3      | Found a glowing silver altar of Zin.
  3023 | D:3      | Reached XP level 5. HP: 34/34 MP: 5/7
  3061 | D:3      | Slain by a worm

Illustrated notes

Levels and vault maps discovered:
D:1:      dpeg_arrival_brainrot, layout_basic,
          hellmonk_ecumenical_altar_pennies_from_heaven
D:2:      layout_basic
D:3:      wad_crossroads, layout_loops_ring, marbit_many_paths, serial_shops,
          shop

Skill      XL: |  1  2  3  4 |
---------------+-------------+-----
Stealth        | 6 7 |  7.8
Invocations    | 1 2 |  2.9
Fighting       | |  2.0
Short Blades   | |  2.0
Throwing       | |  2.0
Dodging        | |  1.0

Action                   |  1- 3 |  4- 6 || total
-------------------------+-------+-------++-------
Melee: Dagger            |    56 |    40 ||    96
       Constrict         |     7 |    13 ||    20
       Tentacles         |     6 |    12 ||    18
Throw: Dart              |    13 |     3 ||    16
       Stone             |     5 |    13 ||    18
Invok: Recite            |     3 |     2 ||     5
  Use: Scroll            |       |     4 ||     4
 Stab: Sleeping          |    20 |     4 ||    24
Armor: Skin              |     1 |       ||     1
Dodge: Dodged            |    20 |    21 ||    41

Table legend: (Time is in decaauts)
 A = Elapsed time spent in this place.
 B = Non-inter-level travel time spent in this place.
 C = Inter-level travel time spent in this place.
 D = Time resting spent in this place.
 E = Time spent auto-exploring this place.
 F = Levels seen in this place.
 G = Mean time per level.
                   A        B        C        D        E       F      G
               +--------+--------+--------+--------+--------+-----+--------+
         Total |   3048 |   2960 |     88 |      0 |   2525 |   3 | 1016.0 |
       Dungeon |   3048 |   2960 |     88 |      0 |   2525 |   3 | 1016.0 |
               +--------+--------+--------+--------+--------+-----+--------+

Top non-repeatable levels by time:
     D:2: 1273 daAuts
     D:1: 1007 daAuts
     D:3: 768 daAuts
